Map: 얼어붙은 사원

Players

IllllllllllI - Winner!

  • Race: Terran Terran
  • League: Grandmaster

llllllllllll (Scarlett)

  • Race: Zerg Zerg
  • League: Grandmaster

VOD

Have the link to the VOD?

Description

Time

  • Played on: April 13, 2016, 9:04 a.m.
  • Length: 11:50
Show
View Real Time Build Order
Export as new Build Order

IllllllllllI Terran - Winner!

Build Orders: Reaper Expand, MMM Bio 

Get SALT Encoding   

  12  0:00  SCV  
  13  0:13  SCV  
  14  0:18  Supply Depot  
  14  0:25  SCV  
  15  0:40  SCV  
  16  0:43  Barracks, Refinery  
  16  0:52  SCV  
  17  1:04  SCV  
  18  1:16  SCV  
  19  1:29  Reaper  
  19  1:30  Orbital Command  
  20  1:40  Command Center  
  20  1:48  Supply Depot  
  20  1:55  SCV  
  21  2:01  Marine  
  21  2:04  Factory  
  21  2:07  SCV  
  23  2:19  SCV  
  23  2:22  Barracks Reactor  
  24  2:32  SCV  
  24  2:42  Command Center  
  24  2:44  SCV  
  25  2:56  SCV  
  26  3:05  Hellion x2  
  30  3:09  SCV, Barracks Tech Lab  
  31  3:24  SCV, Orbital Command  
  31  3:26  Hellion  
  31  3:27  Hellion  
  36  3:33  Marine  
  36  3:34  Stimpack  
  36  3:36  SCV  
  36  3:39  Refinery  
  37  3:53  Marine  
  37  3:54  Barracks, Orbital Command  
  39  3:56  SCV x2  
  40  4:04  Factory Reactor  
  40  4:08  SCV  
  40  4:09  Barracks, SCV  
  39  4:20  SCV  
  39  4:21  SCV  
  39  4:22  Marine  
  42  4:28  SCV  
  43  4:33  SCV x2  
  45  4:40  SCV  
  45  4:45  SCV x2  
  48  4:46  Starport  
  48  4:47  Refinery  
  48  4:48  Refinery  
  48  4:50  Factory Reactor, Engineering Bay  
  48  4:52  Engineering Bay  
  48  4:55  SCV  
  48  4:57  Marine, SCV x2  
  52  5:00  Marine  
  52  5:02  Marine  
  54  5:07  SCV  
  54  5:09  SCV  
  54  5:11  Marine x2  
  58  5:14  SCV  
  58  5:15  Supply Depot  
  58  5:18  Marine  
  58  5:19  Marine  
  61  5:25  SCV  
  61  5:28  SCV  
  61  5:30  SCV  
  57  5:36  Marine  
  57  5:37  Marine x3, Medivac x2, SCV  
  57  5:39  Terran Infantry Armor Level 1, Terran Infantry Weapons Level 1  
  64  5:51  Supply Depot  
  64  5:54  SCV x2  
  64  5:55  Supply Depot, SCV  
  65  6:02  Marine x5  
  68  6:05  Factory Reactor  
  68  6:06  SCV  
  69  6:13  SCV x2  
  71  6:18  Orbital Command  
  71  6:21  SCV  
  71  6:24  Barracks  
  71  6:25  Barracks, SCV  
  74  6:29  Marine x2  
  74  6:30  Marine x3  
  78  6:33  SCV  
  78  6:37  SCV  
  80  6:44  Hellion  
  80  6:45  Medivac, Hellion  
  80  6:46  Medivac  
  80  6:47  SCV x2  
  90  6:51  Marine x3  
  93  6:58  Supply Depot  
  93  7:06  Marine x2, SCV x3  
  93  7:07  Supply Depot x2  
  98  7:14  Marine  
  87  7:21  Marine x2  
  90  7:24  Marine x2  
  90  7:25  Hellion x2  
  90  7:28  Barracks Reactor x2  
  96  7:31  Marine, SCV x3  
  96  7:33  Armory  
  96  7:34  Missile Turret  
  98  7:39  Supply Depot  
  98  7:43  Combat Shields  
  98  7:44  Marine x4  
  99  7:48  Hellion x2  
  106  7:54  Supply Depot  
  106  7:55  Supply Depot  
  106  7:58  Bunker  
  105  8:05  Marine x6  
  108  8:06  Marine x3  
  108  8:10  SCV x3  
  117  8:15  Supply Depot x2  
  117  8:23  Marine x7  
  124  8:30  SCV  
  124  8:31  SCV x2  
  115  8:37  Marine x2  
  115  8:40  Marine x2  
  115  8:41  Marine x5, Hellion  
  118  8:42  Hellion  
  118  8:46  SCV x3  
  126  8:49  Terran Infantry Weapons Level 2  
  126  8:54  Marine, Terran Infantry Armor Level 2  
  127  9:00  Marine x5  
  127  9:01  Marine x3  
  135  9:12  Marine  
  135  9:17  Medivac  
  142  9:18  Marine, Hellion x2  
  142  9:20  Marine x4  
  142  9:21  Marine x3  
  150  9:30  Marine  
  150  9:36  Marine  
  150  9:38  Marine x5  
  129  9:39  Marauder  
  137  9:46  Barracks x3, Hellbat x2  
  137  9:47  Medivac  
  137  9:48  Medivac  
  137  9:52  Marine x2  
  144  9:54  Marine  
  144  9:56  Marine x5  
  144  9:57  Supply Depot  
  150  10:00  Marine, Supply Depot  
  150  10:06  Widow Mine x2  
  151  10:13  Marine  
  151  10:14  Marine x7  
  157  10:19  Marauder  
  162  10:24  Medivac x2  
  164  10:29  Factory  
  164  10:35  Widow Mine x2  
  169  10:42  Marauder  
  169  10:43  Barracks Tech Lab  
  169  10:44  Marine, Barracks Reactor x2  
  169  10:45  Marine x7  
  155  11:02  Marauder, Marine x3  
  155  11:03  Marine x6  
  147  11:15  Widow Mine x2  
  141  11:20  Marine x6  
  144  11:25  Marauder  
  144  11:26  Marauder, Marine x3  
  144  11:27  Marine  
Show
View Real Time Build Order
Export as new Build Order

llllllllllll Zerg 

Build Orders: Pool First, Muta Ling Bane 

Get SALT Encoding   

  12  0:01  Drone  
  13  0:10  Drone  
  14  0:17  Overlord  
  14  0:24  Extractor, Drone  
  15  0:36  Drone  
  15  0:37  Drone  
  17  0:44  Spawning Pool  
  17  0:48  Drone  
  17  0:52  Extractor  
  16  0:58  Drone  
  17  1:06  Drone  
  18  1:19  Hatchery  
  17  1:31  Zergling x4  
  19  1:35  Queen  
  21  1:40  Drone  
  22  1:48  Overlord  
  22  1:57  Metabolic Boost  
  22  2:08  Drone  
  23  2:10  Evolution Chamber  
  23  2:11  Queen  
  24  2:18  Drone  
  25  2:24  Drone  
  26  2:34  Drone x2  
  28  2:46  Zerg Melee Weapons Level 1  
  28  2:49  Drone x4  
  31  2:56  Overlord  
  31  2:57  Drone  
  32  3:06  Zergling x4  
  33  3:28  Zergling x10  
  33  3:30  Drone x2  
  33  3:31  Queen, Overlord  
  42  3:35  Overlord  
  42  3:36  Drone  
  43  3:53  Drone x3  
  43  3:54  Hatchery  
  41  4:14  Zergling x6  
  41  4:15  Zergling x4  
  43  4:19  Pneumatized Carapace  
  43  4:28  Zergling x8  
  47  4:33  Zergling x8  
  47  4:36  Extractor  
  50  4:41  Zerg Ground Armor Level 1  
  50  4:42  Overlord  
  50  4:49  Overlord  
  50  4:59  Drone x5  
  54  5:13  Drone x5  
  59  5:15  Queen, Burrow  
  59  5:20  Zergling x10  
  60  5:38  Zergling x12  
  60  5:42  Baneling Nest  
  62  6:02  Drone  
  62  6:03  Drone x5  
  66  6:06  Lair  
  66  6:07  Overlord  
  66  6:08  Drone x2  
  66  6:09  Extractor  
  67  6:11  Hatchery  
  66  6:19  Zergling x2  
  66  6:20  Zergling x14  
  73  6:28  Baneling x4  
  73  6:31  Baneling x4  
  73  6:32  Zergling x2  
  74  6:33  Zergling x4  
  74  6:39  Zergling x12  
  82  6:52  Zergling x12  
  87  6:58  Overlord x2  
  87  7:06  Zerg Melee Weapons Level 2  
  76  7:21  Overlord x2, Drone  
  76  7:22  Drone x8  
  83  7:35  Drone x3  
  83  7:36  Spire  
  85  7:37  Drone  
  85  7:38  Drone x3  
  85  7:41  Extractor, Drone  
  89  7:47  Drone  
  89  7:48  Drone x7  
  97  7:58  Overlord x2  
  97  8:06  Baneling  
  97  8:07  Baneling x3  
  97  8:15  Extractor, Drone x3  
  97  8:16  Extractor, Drone x3  
  97  8:17  Overlord x2  
  97  8:18  Drone x8  
  109  8:22  Hatchery, Baneling  
  109  8:23  Baneling x5  
  105  8:34  Zergling x22  
  105  8:41  Queen  
  117  8:55  Zergling x2  
  117  8:56  Zergling x16  
  117  8:58  Overlord x4, Zerg Flyer Weapons Level 1  
  124  9:03  Infestation Pit  
  124  9:09  Zergling x16  
  122  9:10  Zergling x2  
  122  9:11  Baneling  
  122  9:12  Baneling x5  
  122  9:17  Centrifical Hooks  
  122  9:22  Baneling x6  
  122  9:28  Zergling x2  
  122  9:29  Zergling x14  
  115  9:42  Queen  
  115  9:43  Mutalisk  
  115  9:44  Mutalisk x2  
  115  9:45  Overseer x2  
  123  9:54  Mutalisk x4  
  131  10:00  Hive, Evolution Chamber  
  131  10:04  Extractor, Drone  
  131  10:05  Extractor, Drone x2  
  131  10:06  Drone x3  
  134  10:08  Mutalisk  
  134  10:10  Mutalisk  
  135  10:29  Mutalisk  
  135  10:30  Mutalisk x2  
  135  10:33  Baneling x2  
  135  10:34  Zergling x2, Baneling  
  135  10:35  Zergling x26  
  153  10:43  Baneling x7  
  153  10:44  Zergling x10  
  158  10:56  Zergling x2  
  158  10:57  Zergling x8  
  142  11:01  Queen  
  120  11:14  Zergling x2  
  120  11:15  Zergling x12  
  82  11:32  Zergling x6  
  83  11:33  Zergling x8  
Tags
 
Add a new tag
Caveats
  • Supply blocks, unpowered buildings, or Contaminate may cause inaccurate times.
  • Supply counts are checked every 10 seconds.